 Dungeon Crawl Stone Soup version 0.30-a0-924-g0ad0bf95bc (webtiles) character file.

Game seed: 8552624640711438054

232 IdlyInterested the Cudgeller (level 5, -2/43 HPs)
             Began as a Demonspawn Gladiator on Mar 22, 2023.
             Killed from afar by Dowan (11 damage)
             ... with a shard of ice
             ... on level 4 of the Dungeon.
             The game lasted 00:10:18 (2919 turns).

IdlyInterested the Cudgeller (Demonspawn Gladiator) Turns: 2919, Time: 00:10:18

Health: -2/43      AC: 10    Str: 16    XL:     5   Next: 73%
Magic:  0/5        EV: 10    Int: 16    God:
Gold:   240        SH:  0    Dex: 14    Spells: 4/4 levels left

rFire   . . .      SeeInvis .    a - +1 flail
rCold   + . .      Faith    .    (no shield)
rNeg    . . .      Spirit   +    o - +0 scale mail {rC+}
rPois   +          Reflect  .    c - +0 helmet
rElec   .          Rampage  .    l - +0 cloak
rCorr   .                        (no gloves)
Will    .....                    v - +0 pair of boots Stlth
                                 (no amulet)
HPRegen 0.27/turn                i - ring of poison resistance
MPRegen 0.18/turn                u - +6 ring of intelligence

@: studying Shields
A: claws 1, rugged brown scales 1, magic shield, magic regeneration
a: no special abilities


You were on level 4 of the Dungeon.
You visited 1 branch of the dungeon, and saw 4 of its levels.

You collected 240 gold pieces.

Inventory:

Hand Weapons
 a - a +1 flail (weapon)
Missiles
 d - a throwing net
 p - 34 stones (quivered)
Armour
 c - a +0 helmet (worn)
 l - a +0 cloak (worn)
 o - a +0 scale mail of cold resistance (worn)
 v - a +0 pair of boots (worn)
Magical Staves
 s - a staff of earth
Jewellery
 i - a ring of poison resistance (left claw)
 u - a +6 ring of intelligence (right claw)
Scrolls
 g - a scroll of poison
 q - a scroll of immolation
Potions
 b - a potion of mutation
 f - a potion of curing
 j - a potion of lignification
 k - 2 potions of heal wounds
 m - a potion of resistance {unknown}
 w - a potion of brilliance


   Skills:
 + Level 3.7 Fighting
 * Level 5.1 Maces & Flails
 - Level 1.7 Throwing
 - Level 2.6 Dodging


You had 4 spell levels left.
You didn't know any spells.
Your spell library contained the following spells:

 Spells                   Type           Power      Damage    Failure   Level
 Beastly Appendage        Tmut           0%         N/A       67%         1
 Magic Dart               Conj           0%         1d3       67%         1
 Call Imp                 Summ           0%         N/A       82%         2
 Cigotuvi's Dreadful Rot  Necr/Pois/Air  0%         N/A       82%         2
 Wereblood                Tmut           0%         N/A       82%         2
 Mephitic Cloud           Conj/Pois/Air  0%         N/A       96%         3
 Spider Form              Tmut/Pois      0%         N/A       96%         3
 Dispel Undead            Necr           0%         3d6       100%        4
 Death Channel            Necr           0%         N/A       100%        6
 Chain Lightning          Conj/Air       0%         N/A       100%        9
 Fire Storm               Conj/Fire      0%         5d1       100%        9
 Shatter                  Erth           0%         3d5*      100%        9


Dungeon Overview and Level Annotations

Branches:
Dungeon (4/15)
 Temple: D:4-7

Altars:
Trog

Annotations:
D:4 Dowan


Innate Abilities, Weirdness & Mutations

You have sharp fingernails.
You are partially covered in rugged brown scales. (AC +1, +3% HP)
When hurt, damage is shared between your health and your magic reserves.
You regenerate magic rapidly.


Message History

Dowan gestures wildly while chanting.
Dowan blinks!
Okay, then.
Throw: 36 stones
Press: ? - help, Q - select action, (/) - cycle Shift-Dir - straight line, f/p - Dowan
Aim: Dowan, wielding a +0 dagger of venom and wearing a +0 robe (severely wounded, fast, 48% to hit)
You throw a stone.
The stone hits Dowan but does no damage.
Dowan is severely wounded.
You feel sick.
Throw: 35 stones
Press: ? - help, Q - select action, (/) - cycle Shift-Dir - straight line, f/p - Dowan
Aim: Dowan, wielding a +0 dagger of venom and wearing a +0 robe (severely wounded, fast, 48% to hit)
You throw a stone. The stone hits Dowan.
Dowan is almost dead.
You feel sick. Dowan completely misses you.
Throw: 2 throwing nets
Press: ? - help, Shift-Dir - straight line, f/p - Dowan
Aim: Dowan, wielding a +0 dagger of venom and wearing a +0 robe (almost dead, fast, 48% to hit)
You throw a throwing net. The throwing net hits Dowan.
Dowan is caught in the net!
Dowan is almost dead.
You feel sick.
Dowan struggles against the net.
You hit Dowan but do no damage.
Dowan is almost dead.
You feel sick.
Dowan points at you and mumbles some strange words.
The stone arrow hits you.
* * * LOW HITPOINT WARNING * * *
Dowan struggles against the net.
You barely miss Dowan.
Dowan is almost dead.
You feel sick.
You are no longer poisoned.
Dowan struggles against the net. x2
You hit Dowan.
Dowan is almost dead.
Dowan points at you and mumbles some strange words.
The shard of ice hits you! You partially resist.
You die...

##.##.######### ....#......^..#
*#######**** ##..#.........#
*..(....,,,* ##..#<........#
*.....(.,,,* ##..#.##......#
*.....(.,,,* ##..#.........#
*.......,,,* #.......#....#
*.).....,,,*
#.########.######.......,,,*****
#.# #.....@e.......,,,,,,,,
**,*** ########.......,,,*****
,,,,,* *,.......,,,* ,,,,,*
*******,.##..##**** ,,,,,*
*,,,,,,,..,,..# ,,,,,****
*,,,,,,,..,,,$#
,,,,,,,,***,,*****###*,,#
,,,,,**,,,,,,*,,,,..,*,,*
,,,,,******,,*,,,*,,,*,,*


You could see Dowan (fast, caught).

Vanquished Creatures
  An iguana (D:4)
  Jessica (D:2)
  Terence (D:2)
  Robin (D:3)
  A gnoll (D:4)
  3 adders (D:2)
  4 dart slugs
  8 orcs
  5 ball pythons
  3 endoplasms
  4 giant cockroaches
  11 hobgoblins
  7 quokkas
  6 bats
  A frilled lizard (D:3)
  19 goblins
  6 kobolds
  6 rats
88 creatures vanquished.

Notes
Turn   | Place    | Note
-------+----------+-------------------------------------------
     0 | D:1      | IdlyInterested the Demonspawn Gladiator began the quest for
                  | the Orb.
     0 | D:1      | Reached XP level 1. HP: 16/16 MP: 1/1
    78 | D:1      | Reached skill level 3 in Maces & Flails
   251 | D:1      | Gained mutation: You are partially covered in rugged brown
                  | scales. (AC +1, +3% HP) [demonic ancestry]
   251 | D:1      | Reached XP level 2. HP: 16/22 MP: 2/2
   844 | D:2      | Gained mutation: You regenerate magic rapidly. [demonic
                  | ancestry]
   844 | D:2      | Reached XP level 3. HP: 25/25 MP: 3/3
  1135 | D:2      | Noticed Jessica
  1140 | D:2      | Killed Jessica
  1141 | D:2      | Reached skill level 4 in Maces & Flails
  1141 | D:2      | Gained mutation: When hurt, damage is shared between your
                  | health and your magic reserves. [demonic ancestry]
  1141 | D:2      | Reached XP level 4. HP: 23/36 MP: 4/4
  1143 | D:2      | Noticed Terence
  1157 | D:2      | Killed Terence
  1930 | D:3      | Noticed Robin
  1943 | D:3      | Killed Robin
  1944 | D:3      | Gained mutation: You have sharp fingernails. [demonic
                  | ancestry]
  1944 | D:3      | Reached XP level 5. HP: 42/42 MP: 5/5
  2090 | D:3      | Found a bloodstained altar of Trog.
  2800 | D:4      | Reached skill level 5 in Maces & Flails
  2872 | D:4      | Noticed Dowan
  2875 | D:4      | Noticed Duvessa
  2884 | D:4      | Duvessa changed into Duvessa the gnoll
  2884 | D:4      | Noticed Duvessa
  2889 | D:4      | Killed Duvessa the gnoll
  2919 | D:4      | Killed from afar by Dowan

Illustrated notes

Levels and vault maps discovered:
D:1:      doesnt_arrival_eight_statues, layout_basic
D:2:      layout_rooms, serial_forest, infiniplex_forest_straight_3,
          infiniplex_forest_straight_3, infiniplex_forest_fountain,
          infiniplex_forest_end_3, infiniplex_forest_zigzag_2, minmay_circle_x,
          uniq_terence, uniq_jessica
D:3:      layout_loops_cross, mainiacjoe_overflow_catwalk, uniq_robin
D:4:      layout_basic, gammafunk_ghost_split, minmay_misc_feat_columns,
          uniq_duvessa

Skill      XL: |  1  2  3  4  5 |
---------------+----------------+-----
Maces & Flails | 3 4 5 |  5.1
Fighting       | 3 |  3.7
Throwing       | |  1.7
Dodging        | |  2.6

Action                     |  1- 3 |  4- 6 || total
---------------------------+-------+-------++-------
  Melee: Flail             |    98 |   161 ||   259
         Unarmed           |       |     7 ||     7
         Punch             |       |     1 ||     1
  Throw: Stone             |     3 |     2 ||     5
         Dart              |       |     2 ||     2
         Throwing net      |       |     2 ||     2
         Javelin           |       |     1 ||     1
  Evoke: Wand              |       |     1 ||     1
    Use: Scroll            |     5 |     7 ||    12
         Potion            |       |     2 ||     2
   Stab: Sleeping          |     1 |       ||     1
 Armour: Leather armour    |    28 |       ||    28
         Scale mail        |    18 |    90 ||   108
         Skin              |       |    47 ||    47
  Dodge: Dodged            |    73 |    99 ||   172

Table legend: (Time is in decaauts)
 A = Elapsed time spent in this place.
 B = Non-inter-level travel time spent in this place.
 C = Inter-level travel time spent in this place.
 D = Time resting spent in this place.
 E = Time spent auto-exploring this place.
 F = Levels seen in this place.
 G = Mean time per level.
                   A        B        C        D        E       F      G
               +--------+--------+--------+--------+--------+-----+--------+
         Total |   2968 |   2601 |    367 |    194 |   1484 |   4 |  742.0 |
       Dungeon |   2968 |   2601 |    367 |    194 |   1484 |   4 |  742.0 |
               +--------+--------+--------+--------+--------+-----+--------+

Top non-repeatable levels by time:
     D:1: 980 daAuts
     D:2: 951 daAuts
     D:3: 884 daAuts
     D:4: 152 daAuts
